cohdb
Replays
Latest Replays
All Replays
Popular Replays
Top Player Replays
Match Explorer
How It Works
Community
CoH3 Stats
Reddit
Sign in to upload your games and track your stats! →
Sign in with Steam
Match 45122455
Unlisted
Match 45122455
Overview
Messages
Build Orders
End
Kradschützen Motorcycle Team
Panzergrenadier Squad
250 Light Carrier
Construct Light Support Kompanie
Combat Half-tracks
Construct Mechanized Kompanie
Selects Italian Infantry
Panzerjäger Mechanized Group
Selects Guastatori Squad
Selects L6/40 Light Tank Combat Group
L6/40 Light Tank Combat Group
Guastatori Squad
L6/40 Light Tank Combat Group
HulkSMASH
likewind3
哎呀妈呀
FireFang
Gwangju's Hero Chun Doo-gwang
사람이왜살지
0
0
Comments
sign in to comment!
No comments posted yet!